 Dungeon Crawl Stone Soup version 0.30-a0-39-g42789b21ef (webtiles) character file.

Game seed: 4236362424578744070

86787 porpoise the Spear-Bearer (level 15, -14/126 HPs)
             Began as a Merfolk Gladiator on Aug 28, 2022.
             Was the Champion of Yredelemnul.
             Killed from afar by a smoke demon (24 damage)
             ... with a ball of steam
             ... summoned by an orc high priest
             ... on level 2 of the Orcish Mines.
             The game lasted 01:55:49 (29976 turns).

porpoise the Spear-Bearer (Merfolk Gladiator)      Turns: 29976, Time: 01:55:51

Health: -14/126    AC: 36    Str: 18    XL:     15   Next: 88%
Magic:  24/24      EV:  5    Int: 10    God:    Yredelemnul [******]
Gold:   1771       SH: 11    Dex: 17    Spells: 6/14 levels left

rFire   . . .      SeeInvis .    b - +8 demon blade (drain)
rCold   . . .      Faith    .    c - +0 kite shield {AC+3}
rNeg    . . .      Spirit   .    Y - +8 crystal plate armour "Onucuggoarr" {Fly Stlth+}
rPois   .          Reflect  .    t - +1 hat {Will+}
rElec   .          Harm     .    (no cloak)
rCorr   .          Rampage  .    p - +1 pair of gloves
Will    +++..                    A - +2 pair of boots
Stlth   ..........               (no amulet)
HPRegen 0.31/turn                w - +4 ring of slaying
MPRegen 0.19/turn                k - ring of willpower

@: flying, studying Transmutations
A: (nimble swimmer 2), mertail
a: Renounce Religion, Recall Undead Harvest, Dark Bargain, Drain Life, Bind Soul


You were on level 2 of the Orcish Mines.
You worshipped Yredelemnul.
Yredelemnul was pleased with you.
You visited 3 branches of the dungeon, and saw 22 of its levels.
You also visited: Gauntlet.

You collected 2342 gold pieces.
You spent 571 gold pieces at shops.

Inventory:

Hand Weapons
 a - a +1 trident of venom
 b - a +8 demon blade of draining (weapon)
 u - a +1 vorpal broad axe
Missiles
 d - 5 throwing nets (quivered)
Armour
 c - a +0 kite shield of protection (worn)
 p - a +1 pair of gloves (worn)
 t - a +1 hat of willpower (worn)
 A - a +2 pair of boots (worn)
 Y - the +8 crystal plate armour "Onucuggoarr" (worn) {Fly Stlth+}
   (You took it off a minotaur in a Gauntlet)

   Fly:       It grants you flight.
   Stlth:     It makes you more stealthy.
Jewellery
 k - a ring of willpower (right hand)
 w - a +4 ring of slaying (left hand)
 H - a ring of ice
 L - a ring of positive energy
 R - a ring of poison resistance
Wands
 o - a wand of mindburst (6)
 r - a wand of iceblast (7)
 G - a wand of digging (18)
 I - a wand of flame (38)
 P - a wand of paralysis (6)
Scrolls
 e - 3 scrolls of identify
 g - 6 scrolls of vulnerability
 h - 7 scrolls of fog
 i - 2 scrolls of amnesia
 m - 6 scrolls of poison
 n - a scroll of enchant weapon
 s - 12 scrolls of teleportation
 v - 8 scrolls of blinking
 F - a scroll of summoning
 O - 4 scrolls of magic mapping
 S - 2 scrolls of silence
Potions
 f - a potion of resistance
 j - 10 potions of curing
 l - a potion of heal wounds
 q - 3 potions of might
 z - 3 potions of haste
 B - 3 potions of ambrosia
 D - a potion of cancellation
 M - 3 potions of attraction
Miscellaneous
 V - a condenser vane (inert)


   Skills:
 - Level 14.0 Fighting
 * Level 10.8 Long Blades
 - Level 14.0 Polearms
 - Level 2.0 Throwing
 - Level 7.0 Armour
 - Level 14.0 Dodging
 + Level 8.2 Shields
 - Level 12.0 Invocations
 - Level 9.0 Evocations


You had 6 spell levels left.
You knew the following spells:

 Your Spells              Type           Power      Damage    Failure   Level
k - Blink                 Tloc           0%         N/A       100%        2
o - Olgreb's Toxic Radia  Pois           0%         N/A       100%        4
w - Wereblood             Tmut           0%         N/A       100%        2

Your spell library contained the following spells:

 Spells                   Type           Power      Damage    Failure   Level
 Apportation              Tloc           0%         N/A       100%        1
 Magic Dart               Conj           0%         1d3       100%        1
 Necrotise                Necr           0%         1d4       100%        1
 Slow                     Hex            0%         N/A       100%        1
 Sting                    Tmut/Pois      0%         1d3       100%        1
 Summon Small Mammal      Summ           0%         N/A       100%        1
 Poisonous Vapours        Pois/Air       0%         N/A       100%        2
 Sublimation of Blood     Necr           0%         N/A       100%        2
 Confusing Touch          Hex            0%         N/A       100%        3
 Gell's Gravitas          Tloc           0%         N/A       100%        3
 Lesser Beckoning         Tloc           0%         N/A       100%        3
 Ozocubu's Armour         Ice            0%         N/A       100%        3
 Portal Projectile        Hex/Tloc       0%         N/A       100%        3
 Teleport Other           Tloc           0%         N/A       100%        3
 Tukima's Dance           Hex            0%         N/A       100%        3
 Vampiric Draining        Necr           0%         2d6       100%        3
 Corpse Rot               Necr/Pois/Air  0%         N/A       100%        4
 Passage of Golubria      Tloc           0%         N/A       100%        4
 Petrify                  Tmut/Erth      0%         N/A       100%        4
 Blade Hands              Tmut           0%         N/A       100%        5
 Irradiate                Conj/Tmut      0%         3d11      100%        5
 Iskenderun's Battlesphe  Conj           0%         2d6       100%        5
 Manifold Assault         Tloc           0%         N/A       100%        5
 Metabolic Englaciation   Hex/Ice        0%         N/A       100%        5
 Silence                  Hex/Air        0%         N/A       100%        5
 Summon Forest            Summ/Tloc      0%         N/A       100%        5
 Summon Mana Viper        Hex/Summ       0%         N/A       100%        5
 Dispersal                Tloc           0%         N/A       100%        6
 Iron Shot                Conj/Erth      0%         9d1       100%        6
 Summon Cactus Giant      Summ           0%         N/A       100%        6
 Dragon Form              Tmut           0%         N/A       100%        7
 Spellforged Servitor     Conj/Summ      0%         N/A       100%        7
 Summon Hydra             Summ           0%         N/A       100%        7
 Disjunction              Tloc           0%         N/A       100%        8
 Lehudib's Crystal Spear  Conj/Erth      0%         10d2      100%        8
 Chain Lightning          Conj/Air       0%         N/A       100%        9
 Simulacrum               Ice/Necr       Unusable   N/A       N/A         6

Dungeon Overview and Level Annotations

Branches:
Dungeon (15/15)            Temple (0/1) D:6            Lair (5/5) D:9
 Shoals (0/4) Lair:3       Spider (0/4) Lair:2        Slime (0/5) Lair:5
    Orc (2/2) D:9             Elf (0/3) Orc:2        Vaults (0/5) D:13
 Depths (0/4) D:15        Gauntlet (visited)

Altars:
Ashenzari
Cheibriados
Elyvilon
Kikubaaqudgha
Nemelex Xobeh
Okawaru
Qazlal
Sif Muna
Uskayaw
Yredelemnul
Zin
The Shining One
Jiyva

Shops:
D:2 (   D:4 *   D:8 *   D:11 *

Annotations:
D:2 1 exclusion, Sigmund
D:3 3 runed translucent doors, Pooter's ghost, weakling MiMo


Innate Abilities, Weirdness & Mutations

((You are very nimble when in or above water. (Stealth+, EV+, Speed+++)))
Your lower body shifts to a powerful aquatic tail in water.


Message History

The ball of steam hits your orc warrior zombie!!
The ball of steam hits your orc priest zombie!!
Your orc priest zombie is destroyed!
Things that are here:
a +0 halberd; a +0 chain mail You swap places.
You are engulfed in a cloud of scalding steam.
* * * LOW HITPOINT WARNING * * *
The orange demon looks more healthy.
You block the orange demon's attack.
The orc hits your orc priest zombie with a +0 dagger.
The orc high priest hits your orc priest zombie with a +0 short sword.
Your orc warrior zombie hits the orange demon but does no damage.
Your orc priest zombie hits the orc but does no damage.
Your orc warrior zombie is engulfed in a cloud of scalding steam.
Your orc wizard zombie is engulfed in a cloud of scalding steam.
Items here: ( )) [.
Really fly into that cloud of steam? [Y]es or [N]o only, please.
Really fly into that cloud of steam?
Okay, then.
You swap places.
The smoke demon barely misses your orc warrior zombie.
The smoke demon hits your orc warrior zombie. x2
The orange demon barely misses your orc warrior zombie.
The orange demon hits your orc warrior zombie.
The orc hits your orc wizard zombie with a +0 falchion.
Your orc wizard zombie hits the orange demon.
Your orc warrior zombie hits the orange demon.
Your orc priest zombie is engulfed in a cloud of scalding steam.
Your orc zombie is engulfed in a cloud of scalding steam.
Your orc zombie is destroyed!
You see here a +0 club.
The smoke demon gestures at you.
The ball of steam hits your orc warrior zombie!
Your orc warrior zombie is destroyed!
The ball of steam hits your orc warrior zombie!!
Your orc warrior zombie is destroyed!
The ball of steam hits you!!
You die...
Your body rises from the dead as a mindless zombie.

#.....### .....#.# ###
....... ##.# .....#
#..## ### #oo..# ....##
#####.#####Zo.§##
.....##
#..#...#Z##Z43§$#
....#.###.......@§§)3#
.......#.....#..ZZZZ##
.............#.)ZZ### #
##...........###ZZZ##.#
###.........Z.#))ZZ....#
.#........ZZZ##.)....###
##).....#.....#))...##
)))........ZZ......##
.).....##........###


You could see the friendly Rupert the bound human, a friendly gnoll zombie, a
friendly gnoll bouda zombie, 2 friendly orc zombies, 2 friendly orc warrior
zombies, 4 friendly orc priest zombies and a friendly orc wizard zombie.

Vanquished Creatures
  A fire giant (D:15)
  The ghost of siradein the Grappler, a journeyman TrMo of Makhleb (D:10)
  Josephine (D:11)
  Fannar (D:11)
  4 hydras
  4 boulder beetles
  3 vault guards (D:13)
  A ghost crab (Gauntlet)
  3 centaur warriors
  A catoblepas (Lair:3)
  3 two-headed ogres
  3 death yaks (Lair:5)
  A sun demon (Gauntlet)
  2 goliath frogs (Lair:5)
  An orb spider (Lair:2)
  3 skeletal warriors (D:15)
  3 deep elf pyromancers
  4 ugly things
  6 cyclopes
  2 manticores
  An orc sorcerer (Orc:2)
  A guardian serpent (shapeshifter) (D:14)
  A torpor snail (Lair:2)
  2 black mambas
  9 cane toads
  2 kobold demonologists
  2 rime drakes
  An unseen horror (D:12)
  A hellion (Gauntlet)
  A rime drake (shapeshifter) (D:15)
  4 komodo dragons
  9 trolls
  2 meliai (D:15)
  A tyrant leech (Lair:5)
  A polar bear (Lair:2)
  8 blink frogs
  3 dream sheep (Lair:4)
  Grinder (D:4)
  3 slime creatures
  4 centaur simulacra (Gauntlet)
  A shadow (D:9)
  2 wyverns
  4 wraiths
  5 basilisks
  31 yaks
  3 steam dragons
  6 vampire mosquitoes
  A warg (Orc:2)
  3 water moccasins
  A hell hound (Gauntlet)
  13 orc warriors
  2 sky beasts (D:6)
  2 black bears
  An ice beast (D:5)
  3 ogres
  6 centaurs
  16 wolves
  2 phantoms (D:5)
  3 kobold brigands
  7 bullfrogs
  3 necrophages
  A cane toad simulacrum (Gauntlet)
  4 scorpions
  5 killer bees (D:9)
  2 electric eels (Lair:5)
  14 howler monkeys
  2 vampire bats (D:8)
  3 hounds
  2 jellies
  10 orc priests
  5 iguanas
  15 orc wizards
  Ijyb (D:4)
  A howler monkey zombie (D:14)
  5 gnolls
  5 adders
  A white imp (D:6)
  An ufetubus (D:5)
  4 worms
  2 dart slugs (D:2)
  33 orcs
  A bat skeleton (D:8)
  3 bat zombies (D:8)
  3 endoplasms
  3 giant cockroaches
  5 goblins
  9 hobgoblins
  6 quokkas
  6 ball pythons
  4 bats
  11 frilled lizards
  10 kobolds
  4 rats
401 creatures vanquished.

Vanquished Creatures (collateral kills)
  Gastronok (Lair:3)
  An orc warlord (Orc:2)
  A minotaur (Gauntlet)
  Snorg (D:14)
  2 ettins
  3 hydras
  5 vault guards (D:13)
  2 catoblepae
  4 boulder beetles
  A centaur warrior (D:13)
  2 tengu warriors (D:14)
  A dancing weapon (D:12)
  A death yak (Lair:5)
  An orc high priest (Orc:1)
  A skeletal warrior (D:12)
  An ugly thing (D:14)
  A manticore (D:14)
  A slime creature (Lair:5)
  A cyclops (D:15)
  2 black mambas
  A gargoyle (D:11)
  9 cane toads
  A komodo dragon (Lair:2)
  2 rime drakes
  A tengu conjurer (D:13)
  A freezing wraith (D:14)
  A meliai (D:15)
  A merfolk (Lair:3)
  A troll (Orc:2)
  2 tyrant leeches (Lair:5)
  14 blink frogs
  2 dream sheep (Lair:4)
  9 yaks
  2 wraiths
  5 vampire mosquitoes
  A basilisk (D:14)
  A basilisk (shapeshifter) (D:15)
  A redback (shapeshifter) (D:13)
  A warg (Orc:1)
  3 water moccasins
  A hell hound (Gauntlet)
  7 orc warriors
  An ogre (Orc:1)
  4 centaurs
  9 wolves
  9 bullfrogs
  A scorpion (D:9)
  A killer bee (D:9)
  5 howler monkeys
  An electric eel (Lair:5)
  A hound (D:6)
  6 orc priests
  A gnoll bouda (Orc:2)
  5 orc wizards
  5 gnolls
  29 orcs
  A bat zombie (D:8)
  A plant (Lair:3)
180 creatures vanquished.

Vanquished Creatures (others)
  A spectral hydra (Lair:5)
  A death yak zombie (Lair:5)
  2 meliai zombies (D:15)
  A spectral elf (D:12)
  A boulder beetle zombie (D:13)
  2 slime creature zombies
  4 cane toad zombies
  2 manticore zombies
  5 blink frog zombies (Lair:5)
  A ghost crab zombie (Gauntlet)
  An elf zombie (D:13)
  7 vampire mosquito zombies
  2 cyclops zombies (D:12)
  A wyvern zombie (D:9)
  9 yak zombies
  3 water moccasin zombies
  A troll zombie (Orc:2)
  6 wolf zombies
  6 bullfrog zombies
  5 centaur zombies
  A scorpion zombie (D:9)
  An orc wizard (Orc:2)
  2 killer bee zombies (D:9)
  A spectral electric eel (Lair:5)
  2 howler monkey zombies
  A steam dragon zombie (Lair:1)
  An iguana zombie (D:7)
  A gnoll zombie (Orc:2)
  2 kobold zombies
  21 orc zombies
  69 fungi
  211 plants
374 creatures vanquished.

Grand Total: 955 creatures vanquished

Notes
Turn   | Place    | Note
-------+----------+-------------------------------------------
     0 | D:1      | porpoise the Merfolk Gladiator began the quest for the Orb.
     0 | D:1      | Reached XP level 1. HP: 16/16 MP: 1/1
   166 | D:1      | Reached XP level 2. HP: 17/23 MP: 2/2
   263 | D:1      | Found a faded altar of an unknown god.
   916 | D:1      | Reached XP level 3. HP: 24/29 MP: 3/3
   996 | D:2      | Found Fiysh's Weapon Boutique.
  1007 | D:2      | Reached skill level 5 in Polearms
  1423 | D:2      | Reached XP level 4. HP: 36/36 MP: 4/4
  1617 | D:2      | Identified the +6 flail of Res Nullius {freeze, Str+3 SInv}
  1734 | D:2      | Learned a level 2 spell: Wereblood
  1871 | D:2      | Noticed Sigmund
  2495 | D:3      | Found a runed translucent gate.
  2496 | D:3      | Found a runed translucent gate.
  2496 | D:3      | Noticed Pooter's ghost (weakling MiMo)
  2497 | D:3      | Found a runed translucent gate.
  2614 | D:3      | Found a basalt altar of Yredelemnul.
  2726 | D:3      | Became a worshipper of Yredelemnul the Dark
  3171 | D:4      | Reached XP level 5. HP: 35/42 MP: 5/5
  3226 | D:4      | Noticed Ijyb
  3237 | D:4      | Killed Ijyb
  3280 | D:4      | Found Etehapa's General Store.
  3287 | D:4      | Bought a scroll of identify for 24 gold pieces
  3287 | D:4      | Bought a scroll of blinking for 90 gold pieces
  3380 | D:4      | Found a broken altar of Ashenzari.
  3380 | D:4      | Noticed Grinder
  3405 | D:4      | Killed Grinder
  3406 | D:4      | Reached skill level 5 in Fighting
  3406 | D:4      | Reached XP level 6. HP: 37/51 MP: 6/6
  3946 | D:5      | Entered Level 5 of the Dungeon
  3964 | D:5      | Reached XP level 7. HP: 53/57 MP: 7/7
  4625 | D:5      | Reached * piety under Yredelemnul
  4626 | D:5      | Reached skill level 1 in Invocations
  5132 | D:6      | Found a staircase to the Ecumenical Temple.
  5142 | D:6      | Reached XP level 8. HP: 61/65 MP: 9/9
  5301 | D:6      | Identified the +10 hand axe of Awkwardness {drain, rF++
                  | Will- Str+2 Dex+4}
  5472 | D:6      | Found a hide-covered altar of Uskayaw.
  5486 | D:6      | Reached ** piety under Yredelemnul
  5642 | D:6      | Found a sparkling altar of Nemelex Xobeh.
  5653 | D:6      | Reached skill level 1 in Armour
  5782 | D:6      | Reached *** piety under Yredelemnul
  5796 | D:6      | Reached skill level 10 in Polearms
  5797 | D:6      | Reached **** piety under Yredelemnul
  5804 | D:6      | Reached XP level 9. HP: 61/72 MP: 12/12
  6165 | D:7      | Found a stormy altar of Qazlal.
  6171 | D:7      | Reached skill level 5 in Invocations
  6297 | D:7      | Found a snail-covered altar of Cheibriados.
  6860 | D:8      | Identified the +7 dire flail of Terror {drain, Str+4}
  7216 | D:8      | Learned a level 2 spell: Blink
  7451 | D:8      | Found an ancient bone altar of Kikubaaqudgha.
  7902 | D:8      | Found Nizan's General Store.
  7914 | D:8      | Bought a potion of degeneration for 15 gold pieces
  7915 | D:8      | Bought a scroll of fog for 60 gold pieces
  8248 | D:9      | Found a glowing golden altar of the Shining One.
  8302 | D:9      | Found a staircase to the Orcish Mines.
  8344 | D:9      | Learned a level 4 spell: Olgreb's Toxic Radiance
  8357 | D:9      | Reached XP level 10. HP: 66/79 MP: 15/15
  8535 | D:9      | Found a shimmering blue altar of Sif Muna.
  8700 | D:9      | Reached skill level 5 in Dodging
  8827 | D:9      | Found a glowing silver altar of Zin.
  8827 | D:9      | Noticed an angel
  8872 | D:9      | Found a staircase to the Lair.
  8875 | D:9      | Reached skill level 5 in Armour
  9119 | D:9      | Noticed a boulder beetle
  9151 | D:9      | Killed a boulder beetle
  9412 | D:10     | Entered Level 10 of the Dungeon
  9465 | D:10     | Noticed siradein's ghost (journeyman TrMo)
  9534 | D:10     | Noticed a two-headed ogre
  9544 | D:10     | Killed a two-headed ogre
  9708 | D:10     | Found a runed translucent door.
  9826 | D:10     | Found a white marble altar of Elyvilon.
  9827 | D:10     | Found an iron altar of Okawaru.
 10154 | D:11     | Noticed a kobold demonologist
 10163 | D:11     | Killed a kobold demonologist
 10164 | D:11     | Reached XP level 11. HP: 87/87 MP: 16/16
 10224 | D:11     | Noticed a manticore
 10237 | D:11     | Killed a manticore
 10591 | D:11     | Noticed a five-headed hydra
 10601 | D:11     | Killed a five-headed hydra
 10602 | D:11     | Reached skill level 1 in Shields
 10671 | D:11     | Found Quar's Assorted Antiques.
 10680 | D:11     | Bought a granite ring for 80 gold pieces
 10680 | D:11     | Bought a scroll of fog for 64 gold pieces
 10680 | D:11     | Bought 3 scrolls of identify for 96 gold pieces
 10680 | D:11     | Bought a scroll labelled EFRYES PAZXIC for 16 gold pieces
 10737 | D:11     | Reached skill level 1 in Evocations
 10851 | D:11     | Noticed Fannar
 10876 | D:11     | Killed Fannar
 11586 | D:11     | Noticed Josephine
 11609 | D:11     | Killed Josephine
 12012 | Lair:1   | Entered Level 1 of the Lair of Beasts
 12024 | Lair:1   | Reached skill level 10 in Fighting
 12774 | Lair:1   | Reached XP level 12. HP: 98/98 MP: 17/17
 12840 | Lair:1   | Reached skill level 5 in Shields
 13464 | Lair:2   | Reached skill level 5 in Evocations
 13660 | Lair:2   | Found a hole to the Spider Nest.
 13680 | Lair:2   | Reached ***** piety under Yredelemnul
 14458 | Lair:3   | Noticed an eight-headed hydra
 14467 | Lair:3   | Killed a 14-headed hydra
 14824 | Lair:3   | Noticed Gastronok
 14834 | Lair:3   | Killed Gastronok
 14835 | Lair:3   | Reached skill level 10 in Dodging
 14930 | Lair:3   | Noticed a catoblepas
 14942 | Lair:3   | Killed a catoblepas
 15038 | Lair:3   | Reached ****** piety under Yredelemnul
 15054 | Lair:3   | Reached XP level 13. HP: 101/108 MP: 19/19
 15316 | Lair:3   | Found a staircase to the Shoals.
 16953 | Lair:4   | Reached skill level 10 in Invocations
 17174 | Lair:5   | Entered Level 5 of the Lair of Beasts
 17174 | Lair:5   | Found a staircase to the Slime Pits.
 17175 | Lair:5   | Found a viscous altar of Jiyva.
 17326 | Lair:5   | HP: 4/108 [electric eel/bolt of electricity (7)]
 17813 | Lair:5   | HP: 2/108 [six-headed hydra (10)]
 17879 | Lair:5   | Reached XP level 14. HP: 32/116 MP: 23/23
 18913 | Lair:5   | Got the Precepts of the Snail
 19771 | D:10     | Killed siradein's ghost
 20276 | D:12     | Found a gate leading to a gauntlet.
 20345 | Gauntlet | Entered a Gauntlet
 20345 | Gauntlet | Found a transporter.
 20345 | Gauntlet | Found a transporter.
 20706 | Gauntlet | Found a transporter.
 20706 | Gauntlet | Found a transporter.
 20708 | Gauntlet | Noticed a reaper
 20715 | Gauntlet | Found a transporter.
 20734 | Gauntlet | Found a transporter.
 20740 | Gauntlet | Found a large runed translucent door.
 20741 | Gauntlet | Found a large runed translucent door.
 20743 | Gauntlet | Found a runed translucent gate.
 20743 | Gauntlet | Noticed an entropy weaver
 20744 | Gauntlet | Found a transporter.
 20744 | Gauntlet | Found a transporter.
 20744 | Gauntlet | Found a runed translucent gate.
 20745 | Gauntlet | Found a runed translucent gate.
 20747 | Gauntlet | Found a large runed translucent door.
 20748 | Gauntlet | Found a large runed translucent door.
 20760 | Gauntlet | Found a large runed translucent door.
 20760 | Gauntlet | Found a large runed translucent door.
 20761 | Gauntlet | Found a large runed translucent door.
 20761 | Gauntlet | Found a large runed translucent door.
 20768 | Gauntlet | Found a transporter.
 20771 | Gauntlet | Found a large runed translucent door.
 20771 | Gauntlet | Found a large runed translucent door.
 20771 | Gauntlet | Found a runed translucent door.
 20771 | Gauntlet | Found a runed translucent door.
 20772 | Gauntlet | Found a large runed translucent door.
 20773 | Gauntlet | Found a large runed translucent door.
 20775 | Gauntlet | Found a transporter.
 20811 | Gauntlet | Found a transporter.
 20857 | Gauntlet | Found a transporter.
 20871 | Gauntlet | Found a transporter.
 20884 | Gauntlet | Found a transporter.
 20975 | Gauntlet | Found a transporter.
 20989 | Gauntlet | Found a transporter.
 21005 | Gauntlet | Found a large runed translucent door.
 21005 | Gauntlet | Found a large runed translucent door.
 21006 | Gauntlet | Found a large runed translucent door.
 21007 | Gauntlet | Found a large runed translucent door.
 21689 | Gauntlet | Identified the +8 crystal plate armour "Onucuggoarr" {Fly
                  | Stlth+}
 23814 | D:13     | Reached skill level 1 in Long Blades
 23996 | D:13     | Identified the +5 plate armour of Qitoujoi {Dex+4}
 24057 | D:13     | Found a gate to the Vaults.
 24093 | D:13     | Reached XP level 15. HP: 77/126 MP: 24/24
 24294 | D:13     | Reached skill level 5 in Long Blades
 24383 | D:13     | Noticed Rupert
 24404 | D:13     | Killed Rupert
 24404 | D:13     | Enslaved Rupert
 24990 | D:4      | Bought a scroll of enchant weapon for 90 gold pieces
 24990 | D:4      | Bought a potion of attraction for 36 gold pieces
 27105 | D:14     | Noticed Snorg
 27114 | D:14     | Killed Snorg
 27334 | D:15     | Entered Level 15 of the Dungeon
 27424 | D:15     | Found a staircase to the Depths.
 27424 | D:15     | Noticed a fire giant
 27434 | D:15     | Killed a fire giant
 28595 | Orc:1    | Entered Level 1 of the Orcish Mines
 29184 | Orc:1    | Upgraded the game from 0.30-a0-34-gbe8da3892a to
                  | 0.30-a0-39-g42789b21ef
 29329 | Orc:2    | Entered Level 2 of the Orcish Mines
 29329 | Orc:2    | Found a staircase to the Elven Halls.
 29340 | Orc:2    | Reached skill level 10 in Long Blades
 29907 | Orc:2    | Noticed an orc warlord
 29930 | Orc:2    | Killed an orc warlord
 29976 | Orc:2    | Killed from afar by a smoke demon

Illustrated notes

Levels and vault maps discovered:
D:1:      nzn_arrival_crosshair, layout_basic,
          hellmonk_ecumenical_altar_inner_sanctum, serial_bayou_lagoon_a
D:2:      layout_basic, serial_shops, nicolae_shop_bloodbath_and_beyond,
          minmay_lizard_king, uniq_sigmund
D:3:      layout_basic, general_overflow_altar, biasface_ghost_orc_armoury,
          serial_curves, eino_curves_02, eino_curves_04, eino_curves_02
D:4:      layout_basic, amcnicky_altar_gilded, serial_shops,
          nicolae_stop_n_shop_1, roderic_roman_lattice, uniq_grinder, uniq_ijyb
D:5:      layout_basic, kennysheep_generic_room_9
D:6:      layout_loops_cross, mainiacjoe_overflow_24_doors,
          nicolae_uskayaw_dance_hall, minmay_temple_entry_junction_2,
          minmay_bent
D:7:      layout_basic, lemuel_crystal_altar, slow_altar_1,
          nicolae_zen_rock_garden
D:8:      layout_layer_cave, kennysheep_vampire_church, serial_shops,
          nicolae_lakefront_shop, chequers_mini_garden
D:9:      layout_irregular_city, zin_angel, lemuel_doored_altar,
          mainiacjoe_overflow_paths, grunt_lair_entry_orc_guard_hut, david_orc_2
D:10:     layout_rooms, mainiacjoe_overflow_divided_tiny,
          hellmonk_ghost_happy_afterlife
D:11:     layout_basic, serial_shops,
          nicolae_shop_temple_entry_statues_fountains, uniq_fannar,
          uniq_josephine
D:12:     nzn_winding_woodlands_cross [nzn_winding_woodlands_5x15_default,
          nzn_winding_woodlands_5x15_river_crossing,
          nzn_winding_woodlands_5x15_twine, nzn_winding_woodlands_5x15_jagged,
          nzn_winding_woodlands_15x15_boxy_spiral], layout_cave_pools,
          gauntlet_entry_generic
D:13:     layout_basic, erik_vaults_2, uniq_rupert
D:14:     layout_stronghold, uniq_snorg
D:15:     grunt_enter_depths_giant_problem, layout_basic, hex_intersection
Lair:1:   layout_regular_city, grunt_megastairs_3, lemuel_fruit_fields
Lair:2:   layout_big_grid, nicolae_spider_entry_orb_guardian,
          serial_bayou_shore_b
Lair:3:   layout_roguey, elwin_shoals_entry_rooms, lemuel_another_geyser,
          uniq_gastronok
Lair:4:   layout_long_grid
Lair:5:   minmay_lair_end_frog_pond, layout_long_grid,
          minmay_slime_entry_pillars, serial_bayou, serial_bayou_pond_d,
          serial_bayou_crossing, serial_bayou_pond_c, serial_bayou_pond_d,
          serial_bayou_pond_a, serial_bayou_ford_a
Orc:1:    layout_diamond_mine
Orc:2:    st_orc_mages, layout_diamond_mine

Skill      XL: |  1  2  3  4  5  6  7  8  9 10 11 12 13 14 15 |
---------------+----------------------------------------------+-----
Fighting       | 3 4 5 6 7 8 10 12 14 | 14.0
Polearms       | 5 6 7 8 10 11 13 14 | 14.0
Invocations    | 1 4 6 7 8 12 | 12.0
Armour         | 2 4 5 6 7 |  7.0
Dodging        | 7 9 10 12 14 | 14.0
Shields        | 4 5 8 |  8.2
Evocations     | 4 5 8 9 |  9.0
Long Blades    | 3 10 | 10.8
Throwing       | |  2.0

Action                   |  1- 3 |  4- 6 |  7- 9 | 10-12 | 13-15 || total
-------------------------+-------+-------+-------+-------+-------++-------
Melee: Trident           |   110 |    89 |     8 |   324 |   305 ||   836
       Flail             |       |     5 |    56 |     1 |     6 ||    68
       Hand axe          |       |       |   128 |   222 |   367 ||   717
       Demon blade       |       |       |       |       |   268 ||   268
Throw: Throwing net      |       |     3 |       |       |       ||     3
       Dart              |       |       |       |     2 |       ||     2
Invok: Recall Undead Har |       |     1 |       |       |     2 ||     3
       Dark Bargain      |       |       |       |     3 |     1 ||     4
       Bind Soul         |       |       |       |       |     2 ||     2
Evoke: Wand              |       |       |       |       |    18 ||    18
       Lightning rod     |       |       |       |       |     4 ||     4
       Condenser vane    |       |       |       |       |     3 ||     3
  Use: Scroll            |       |     9 |     5 |     9 |    17 ||    40
       Potion            |       |       |       |     1 |     6 ||     7
 Stab: Sleeping          |     3 |     4 |     1 |       |     1 ||     9
       Distracted        |       |     1 |     2 |     3 |    12 ||    18
       Held in net/web   |       |     2 |       |       |       ||     2
       Petrified         |       |       |       |     1 |       ||     1
       Paralysed         |       |       |       |       |     5 ||     5
       Confused          |       |       |       |       |     1 ||     1
Armor: Leather armour    |    14 |    17 |    18 |       |       ||    49
       Ring mail         |       |       |    67 |   210 |   149 ||   426
       Crystal plate arm |       |       |       |       |   377 ||   377
Dodge: Dodged            |    48 |    26 |   162 |   258 |   435 ||   929
Block: Buckler           |       |       |    22 |   113 |   125 ||   260
       Kite shield       |       |       |       |       |   262 ||   262

Table legend: (Time is in decaauts)
 A = Elapsed time spent in this place.
 B = Non-inter-level travel time spent in this place.
 C = Inter-level travel time spent in this place.
 D = Time resting spent in this place.
 E = Time spent auto-exploring this place.
 F = Levels seen in this place.
 G = Mean time per level.
                   A        B        C        D        E       F      G
               +--------+--------+--------+--------+--------+-----+--------+
         Total |  33305 |  31335 |   1970 |   7306 |  19487 |  23 | 1448.0 |
       Dungeon |  20964 |  19443 |   1521 |   4059 |  12976 |  15 | 1397.6 |
          Lair |   9188 |   8754 |    434 |   2156 |   5281 |   5 | 1837.6 |
  Orcish Mines |   1515 |   1501 |     14 |    294 |    854 |   2 |  757.5 |
      Gauntlet |   1636 |   1636 |      0 |    797 |    375 |   1 | 1636.0 |
               +--------+--------+--------+--------+--------+-----+--------+

Top non-repeatable levels by time:
  Lair:5: 2845 daAuts
    D:11: 2323 daAuts
    D:12: 2160 daAuts
     D:8: 1776 daAuts
    D:14: 1752 daAuts
  Lair:1: 1732 daAuts
  Lair:4: 1662 daAuts
Gauntlet: 1636 daAuts
    D:13: 1599 daAuts
  Lair:3: 1563 daAuts
     D:9: 1500 daAuts
     D:5: 1422 daAuts
  Lair:2: 1384 daAuts
    D:15: 1242 daAuts
     D:6: 1234 daAuts
